 Dungeon Crawl Stone Soup version 0.29.1-13-g9f3cf754e1 (webtiles) character file.

Game seed: 13736354389998848379

0 Kongming the Insei (level 1, -3/17 HPs)
             Began as a Djinni Transmuter on Feb 9, 2023.
             Frozen to death by an endoplasm (7 damage)
             ... on level 1 of the Dungeon.
             The game lasted 00:02:03 (78 turns).

Kongming the Insei (Djinni Transmuter)                Turns: 78, Time: 00:02:04

Health: -3/17      AC:  2    Str:  9    XL:     1   Next: 0%
Gold:   8          EV: 12    Int: 14    God:
                   SH:  0    Dex: 13

rFire   + + .      SeeInvis .     - Unarmed
rCold   x . .      Faith    .   (no shield)
rNeg    . . .      Spirit   .   a - +0 robe
rPois   ∞          Reflect  .   (no helmet)
rElec   .          Harm     .   (no cloak)
rCorr   .          Rampage  .   (no gloves)
Will    .....                   (boots unavailable)
Stlth   +.........              (no amulet)
HPRegen 0.05/turn               (no ring)
MPRegen 0.00/turn               (no ring)

@: flying
A: sickness immunity, fire resistance 2, cold vulnerability 1, float, innate
caster, HP casting, extra vitality 1
a: no special abilities


You were on level 1 of the Dungeon.
You visited 1 branch of the dungeon, and saw 1 of its levels.

You collected 8 gold pieces.

Inventory:

Armour
 a - a +0 robe (worn)
Potions
 b - a potion of lignification


   Skills:
 + Level 1.0 Fighting
 + Level 2.1 Dodging
 + Level 3.0 Unarmed Combat
 + Level 1.5 Spellcasting


You couldn't memorise any spells.
You knew the following spells:

 Your Spells              Type           Power      Damage    Failure   Level
a - Beastly Appendage     Tmut           10%        N/A       13%         1
b - Wereblood             Tmut           5%         N/A       21%         2
c - Spider Form           Tmut/Pois      5%         N/A       36%         3
d - Ice Form              Ice/Tmut       5%         N/A       78%         4
Your spell library was empty.

Dungeon Overview and Level Annotations

Branches:
Dungeon (1/15)

Altars:


Innate Abilities, Weirdness & Mutations

You are immune to sickness and miasma.
You are immune to poison.
Your flesh is very heat resistant. (rF++)
You are vulnerable to cold. (rC-)
You float through the air rather than walking.
You learn spells naturally, not from books.
Your magical power is your life essence.
You have superior vitality. (+4 MHP)


Message History

A nearby plant withers and dies.
You reach down and open the door.
There is an open door here.
You swing at nothing.
You are not religious.
Unknown command.
Sorry, you're not good enough to have a special ability.
What are your orders? t - Shout!
Orders for allies: a - Attack new target. r - Retreat! s - Stop attacking. g - Guard the area. f - Follow me.
Anything else - Cancel.
You shout for attention!
Okay, then.
Welcome back, Kongming the Djinni Transmuter.
Press ? for a list of commands and other information.
Welcome back, Kongming the Djinni Transmuter.
Press ? for a list of commands and other information.
Welcome back, Kongming the Djinni Transmuter.
Press ? for a list of commands and other information.
Found 8 gold pieces.
You now have 8 gold pieces.
Found a twisted granite ring.
An endoplasm comes into view.
The endoplasm quivers.
You see here a ring of resist corrosion.
The endoplasm freezes you.
You are frozen!
You feel a terrible chill!
You are not religious.
You hit the endoplasm.
The endoplasm is moderately wounded.
The endoplasm freezes you.
You are frozen.
You feel a terrible chill!
* * * LOW HITPOINT WARNING * * *
You hit the endoplasm.
The endoplasm is almost dead.
The endoplasm freezes you.
You are frozen!
You feel a terrible chill!
You die...

#♣...#.....'...##
....#♣≈..#...P.#..##
...#♣♣..##+####..♣
..##~...........♣
.###+##.###...........#
..........#~♣♣~.≈.##♣♣♣
........#.#♣♣♣##.♣#
#........#####♣..####..
#=..J@...........#
#.#....###...###.#
#.###### ##### #.# #..
###


You could see an endoplasm.

Vanquished Creatures (others)
  A plant (D:1)
1 creature vanquished.

Notes
Turn   | Place    | Note
-------+----------+-------------------------------------------
     0 | D:1      | Kongming the Djinni Transmuter began the quest for the Orb.
     0 | D:1      | Kongming set off with the following spells memorised:
                  | Beastly Appendage, Wereblood, Spider Form, Ice Form.
     0 | D:1      | Reached XP level 1. HP: 17/17 MP: 0/0
    78 | D:1      | Frozen to death by an endoplasm

Illustrated notes

Levels and vault maps discovered:
D:1:      saegor_arrival_under_anarchy, layout_basic,
          dreamdust_ecumenical_altar_sealed_demon, minmay_octomino_e4

Action                   || total
-------------------------++-------
Melee: Unarmed           ||     3
